Map: Para Site LE

Players

liquidthermy (uThermal) - Winner!

  • Race: Terran Terran
  • League: Master
  • Spawn Location: 5:00

Special

  • Race: Terran Terran
  • League: Master
  • Spawn Location: 11:00

Event: IEM Season 13 - Katowice Server Qualifiers Europe

VOD

Have the link to the VOD?

Description

Time

  • Played on: Jan. 8, 2019, 10:36 a.m.
  • Length: 8:22

All games in this series

Show
View Real Time Build Order
Export as new Build Order

liquidthermy Terran - Winner!

Build Orders: Gas First Reaper Expand 

Get SALT Encoding   

  12  0:02  SCV  
  13  0:14  SCV  
  13  0:17  Supply Depot  
  14  0:26  SCV  
  15  0:30  Refinery  
  15  0:38  SCV  
  16  0:44  Barracks  
  16  0:50  SCV  
  17  1:03  SCV  
  18  1:15  SCV  
  19  1:31  Reaper, Orbital Command  
  20  1:44  Command Center  
  20  1:57  SCV  
  20  1:59  Factory  
  21  2:07  Barracks Reactor  
  21  2:09  SCV  
  21  2:12  Supply Depot  
  22  2:21  SCV  
  23  2:23  Refinery  
  23  2:34  SCV  
  24  2:45  Starport  
  24  2:49  Hellion x2  
  28  2:51  SCV  
  28  2:56  Orbital Command  
  29  3:03  SCV  
  29  3:04  Barracks Tech Lab  
  29  3:11  Hellion  
  30  3:15  SCV  
  33  3:22  SCV  
  33  3:24  Viking  
  34  3:28  Hellion  
  34  3:32  Hellion  
  38  3:37  SCV x2  
  40  3:42  Supply Depot  
  40  3:49  SCV  
  40  3:52  SCV  
  40  4:01  SCV  
  39  4:04  SCV  
  39  4:07  Raven  
  42  4:12  Marine x2, Factory Tech Lab  
  42  4:13  SCV  
  42  4:16  SCV  
  46  4:17  Refinery  
  46  4:18  Supply Depot  
  46  4:25  SCV  
  46  4:28  SCV  
  46  4:30  Marine x2  
  50  4:31  Siege Tank  
  50  4:38  SCV  
  54  4:40  SCV  
  54  4:41  Supply Depot  
  55  4:50  SCV  
  57  4:52  SCV  
  57  4:56  Supply Depot  
  57  4:57  Viking x2  
  60  5:02  SCV  
  60  5:03  Siege Tank  
  60  5:04  Marine, SCV  
  66  5:09  Supply Depot  
  66  5:14  SCV  
  66  5:19  Command Center  
  67  5:21  SCV  
  67  5:26  Viking  
  67  5:27  Viking  
  72  5:31  Marine, Stimpack  
  72  5:32  SCV  
  74  5:40  Siege Tank  
  74  5:42  SCV  
  78  5:46  Refinery  
  78  5:49  Marine, Engineering Bay x2  
  79  5:53  SCV  
  79  5:55  SCV  
  81  6:00  Viking  
  81  6:01  Viking  
  85  6:05  SCV  
  86  6:15  Supply Depot  
  86  6:22  Missile Turret  
  86  6:23  Missile Turret  
  86  6:24  SCV  
  86  6:26  SCV  
  86  6:27  Marine  
  86  6:31  Siege Tank  
  87  6:36  SCV  
  87  6:38  SCV  
  86  6:45  Marine  
  87  6:48  SCV  
  87  6:50  SCV  
  89  7:00  Barracks, SCV  
  89  7:04  SCV, Siege Tank  
  89  7:07  Orbital Command  
  90  7:08  Starport Reactor  
  90  7:12  SCV  
  90  7:13  Marine  
  92  7:16  SCV  
  91  7:25  SCV  
  91  7:30  SCV  
  91  7:31  Marine, Barracks  
  91  7:32  Barracks  
  91  7:33  Barracks, SCV  
  94  7:37  SCV  
  94  7:40  Missile Turret  
  94  7:42  SCV  
  95  7:47  Siege Tank  
  95  7:48  Marine, SCV  
  100  7:51  SCV  
  100  7:55  SCV  
  91  8:00  SCV  
  91  8:03  Marine, SCV  
  94  8:07  SCV  
  98  8:16  Starport Reactor  
Show
View Real Time Build Order
Export as new Build Order

Special Terran 

Build Orders: 1/1/1, Liberator Opening, Mech 

Get SALT Encoding   

  12  0:01  SCV  
  13  0:13  SCV  
  14  0:17  Supply Depot  
  14  0:25  SCV  
  15  0:29  Refinery  
  15  0:39  SCV  
  16  0:44  Barracks  
  16  0:51  SCV  
  16  0:54  Refinery  
  17  1:03  SCV  
  18  1:15  SCV  
  19  1:32  Factory  
  20  1:34  Orbital Command  
  20  1:36  Reaper  
  20  1:45  Supply Depot  
  20  2:01  SCV  
  21  2:08  Reaper  
  22  2:15  SCV  
  23  2:16  Hellion  
  23  2:17  Starport  
  25  2:27  SCV, Supply Depot  
  26  2:36  Liberator  
  26  2:37  Hellion  
  26  2:39  SCV  
  26  2:40  Reaper  
  30  2:51  SCV  
  34  3:01  Hellion  
  36  3:19  SCV  
  35  3:22  Supply Depot  
  35  3:23  Factory Tech Lab  
  35  3:24  Barracks Reactor  
  35  3:35  Command Center  
  35  3:39  SCV  
  36  3:45  Cyclone  
  39  3:52  SCV  
  37  4:01  Marine x2  
  35  4:04  SCV  
  36  4:16  SCV  
  37  4:18  Cyclone  
  37  4:21  Marine x2  
  42  4:28  SCV  
  43  4:32  Starport Tech Lab  
  43  4:34  Supply Depot  
  43  4:40  SCV  
  43  4:44  Marine x2  
  46  4:49  Orbital Command  
  46  4:53  Cloaking Field, Banshee  
  46  4:55  SCV  
  50  5:00  Cyclone  
  50  5:03  Marine x2  
  55  5:15  SCV  
  55  5:16  SCV  
  55  5:20  Command Center  
  57  5:23  Mag-Field Accelerator  
  57  5:28  SCV x2  
  59  5:36  Banshee  
  59  5:40  SCV x2  
  64  5:43  Supply Depot  
  64  5:46  Siege Tank  
  67  5:52  SCV  
  67  5:53  SCV  
  67  5:56  Factory  
  69  5:59  Refinery x2  
  69  6:04  SCV  
  69  6:05  SCV  
  71  6:15  Barracks Tech Lab  
  71  6:17  SCV x2  
  73  6:22  Factory  
  73  6:29  SCV x2  
  73  6:30  Siege Tank  
  76  6:34  Orbital Command  
  72  6:41  SCV x2  
  72  6:44  Hellion x2  
  78  6:53  SCV  
  76  6:54  SCV  
  76  7:00  SCV  
  78  7:02  Siege Tank  
  78  7:05  SCV, Hellion x2  
  78  7:06  SCV  
  84  7:11  Starport Reactor  
  84  7:12  SCV  
  85  7:17  SCV  
  85  7:18  SCV  
  85  7:20  Supply Depot x2  
  87  7:25  Siege Tank  
  87  7:26  Hellion  
  92  7:30  Supply Depot  
  92  7:31  Armory, SCV  
  93  7:41  Hellion, SCV x2, Siege Tank  
  93  7:43  Supply Depot x2  
  100  7:48  Hellion  
  95  7:57  SCV  
  81  8:01  SCV  
  84  8:07  SCV  

Tags
 
Add a new tag
Caveats
  • Supply blocks, unpowered buildings, or Contaminate may cause inaccurate times.
  • Supply counts are checked every 10 seconds.